 Dungeon Crawl Stone Soup version 0.28-a0-1241-gf280a0fbb2 (webtiles) character file.

Game seed: 6090616744319580203

656 Grim the Poker (level 7, -3/52 HPs)
             Began as a Formicid Fighter on Dec 26, 2021.
             Was an Initiate of the Shining One.
             Slain by a wyvern zombie (11 damage)
             ... on level 5 of the Dungeon.
             The game lasted 00:10:27 (5463 turns).

Grim the Poker (Formicid Fighter)                   Turns: 5463, Time: 00:10:28

Health: -3/52      AC: 10    Str: 23    XL:     7   Next: 85%
Magic:  7/7        EV:  6    Int:  7    God:    the Shining One [......]
Gold:   192        SH:  5    Dex: 10    Spells: 6/6 levels left

rFire   . . .      SeeInvis +   a - +0 trident
rCold   . . .      Faith    .   c - +0 buckler
rNeg    . . .      Spirit   .   p - +3 plate armour of Prudence {Fly}
rPois   .          Reflect  .   (helmet unavailable)
rElec   .          Harm     .   (no cloak)
rCorr   .          Rampage  .   (no gloves)
Will    .....                   (no boots)
Stlth   ..........              (no amulet)
HPRegen 0.17/turn               (no ring)
MPRegen 0.10/turn               (no ring)

@: corroded, flying, glowing
A: permanent stasis, dig shafts and tunnels, antennae 3, four strong arms
a: Dig, Shaft Self, Renounce Religion


You were on level 5 of the Dungeon.
You worshipped the Shining One.
The Shining One was noncommittal.
You visited 2 branches of the dungeon, and saw 6 of its levels.

You collected 192 gold pieces.

Inventory:

Hand Weapons
 a - a +0 trident (weapon)
Missiles
 f - 160 stones
 o - a boomerang (quivered)
Armour
 b - a +0 scale mail
 c - a +0 buckler (worn)
 p - the +3 plate armour of Prudence (worn) {Fly}
   (You found it on level 4 of the Dungeon)

   Fly:       It grants you flight.
Scrolls
 e - 4 scrolls of identify {unknown}
 i - 4 scrolls of noise {unknown}
 j - a scroll of fear {unknown}
 k - a scroll of fog {unknown}
 l - a scroll of teleportation {unknown}
 n - a scroll of enchant armour {unknown}
Potions
 d - a potion of brilliance {unknown}
 g - a potion of invisibility {unknown}
 h - a potion of degeneration {unknown}
 m - 2 potions of curing
 q - a potion of magic {unknown}


   Skills:
 - Level 3.2 Fighting
 * Level 7.1 Polearms
 + Level 2.1 Throwing
 - Level 3.2 Armour
 - Level 5.2 Shields


You had 6 spell levels left.
You didn't know any spells.
Your spell library contained the following spells:

 Spells                   Type           Power      Damage    Failure   Level
 Corpse Rot               Necr/Air       0%         N/A       100%        2
 Poisonous Vapours        Pois/Air       0%         N/A       100%        2


Dungeon Overview and Level Annotations

Branches:
Dungeon (5/15)             Temple (1/1) D:4

Altars:
Ashenzari
Cheibriados
Dithmenos
Elyvilon
Fedhas
Gozag
Hepliaklqana
Kikubaaqudgha
Makhleb
Nemelex Xobeh
Okawaru
Qazlal
Ru
Sif Muna
Trog
Vehumet
Wu Jian
Xom
Yredelemnul
Zin
The Shining One

Shops:
D:3 *


Innate Abilities, Weirdness & Mutations

You cannot be hasted, slowed, berserked, paralysed or teleported.
You can dig through walls and to a lower floor.
You have a pair of large antennae on your head. (SInv)
Your four strong arms can wield two-handed weapons with a shield.


Message History

You hit the wyvern zombie but do no damage.
You block the wyvern zombie's attack.
The wyvern zombie bites you but does no damage.
You puncture the wyvern zombie!
The wyvern zombie is moderately damaged.
You block the wyvern zombie's attack.
You hit the wyvern zombie but do no damage.
The wyvern zombie is moderately damaged.
The wyvern zombie bites you but does no damage.
You hit the wyvern zombie but do no damage.
The wyvern zombie is moderately damaged.
You block the wyvern zombie's attack.
You puncture the wyvern zombie!
The wyvern zombie is heavily damaged.
The wyvern zombie bites you!
* * * LOW HITPOINT WARNING * * *
The wyvern zombie bites you but does no damage.
You are too injured to fight recklessly!
You are too injured to fight recklessly!
You are too injured to fight recklessly!
You are too injured to fight recklessly!
You are too injured to fight recklessly!
You barely miss the wyvern zombie.
The wyvern zombie is heavily damaged.
The wyvern zombie bites you.
* * * LOW HITPOINT WARNING * * *
You hit the wyvern zombie.
The wyvern zombie is heavily damaged.
The wyvern zombie bites you.
* * * LOW HITPOINT WARNING * * *
You hit the wyvern zombie but do no damage.
The wyvern zombie is heavily damaged.
The wyvern zombie bites you!
* * * LOW HITPOINT WARNING * * *
It was a potion of curing.
You feel better. The wyvern zombie bites you!
* * * LOW HITPOINT WARNING * * *
You hit the wyvern zombie but do no damage.
The wyvern zombie is heavily damaged.
The wyvern zombie closely misses you. The wyvern zombie bites you!
You die...

.####.
#####+##......
#..........#
+....(.....+
#..........#
+..........#
♣♣####...†......#
♣♣.#..+..........#
♣♣...........@....#
♣..........#Z#'####
♣.♣..#..#####.#.#
♣♣ ##.# #.#.# #.#
#...< ## #.# ....#
.########.# .....
.##.......# ##...
.##.#######


You could see a wyvern zombie.

Vanquished Creatures
  An ice beast (D:5)
  A black bear (D:4)
  A necrophage (D:5)
  An orc priest (D:3)
  A hound (D:4)
  A jelly (D:5)
  A centaur skeleton (D:4)
  Natasha (thrice) (D:3)
  An iguana (D:5)
  6 adders
  An adder skeleton (D:4)
  2 worms
  4 dart slugs
  19 orcs
  6 ball pythons
  2 endoplasms (D:1)
  A giant cockroach (D:4)
  2 goblins (D:1)
  3 hobgoblins (D:1)
  5 jackals (D:2)
  4 quokkas
  10 bats
  4 frilled lizards
  6 kobolds
  3 rats
89 creatures vanquished.

Notes
Turn   | Place    | Note
-------+----------+-------------------------------------------
     0 | D:1      | Grim the Formicid Fighter began the quest for the Orb.
     0 | D:1      | Reached XP level 1. HP: 18/18 MP: 1/1
   255 | D:1      | Reached XP level 2. HP: 24/24 MP: 2/2
   497 | D:1      | Reached XP level 3. HP: 24/29 MP: 3/3
   566 | D:1      | Reached skill level 3 in Polearms
  1644 | D:2      | Reached XP level 4. HP: 30/35 MP: 4/4
  2129 | D:2      | Found a faded altar of an unknown god.
  2382 | D:3      | Reached skill level 4 in Polearms
  2382 | D:3      | Reached XP level 5. HP: 16/41 MP: 5/5
  2643 | D:3      | Found Paorph's Assorted Antiques.
  2969 | D:3      | Noticed Natasha
  2975 | D:3      | Killed Natasha
  2976 | D:3      | Reached skill level 5 in Shields
  3013 | D:3      | Noticed Natasha
  3027 | D:3      | Killed Natasha
  3330 | D:3      | Noticed Natasha
  3344 | D:3      | Killed Natasha
  3345 | D:3      | Reached XP level 6. HP: 32/47 MP: 6/6
  3534 | D:3      | Reached skill level 5 in Polearms
  4439 | D:4      | Noticed a black bear
  4467 | D:4      | Killed a black bear
  4468 | D:4      | Reached skill level 6 in Polearms
  4468 | D:4      | Reached XP level 7. HP: 36/52 MP: 7/7
  4580 | D:4      | Found a staircase to the Ecumenical Temple.
  4591 | Temple   | Entered the Ecumenical Temple
  4819 | Temple   | Became a worshipper of the Shining One
  5126 | D:4      | Identified the +3 plate armour of Prudence {Fly}
  5252 | D:5      | Entered Level 5 of the Dungeon
  5282 | D:5      | Reached skill level 1 in Throwing
  5401 | D:5      | Reached skill level 7 in Polearms
  5463 | D:5      | Slain by a wyvern zombie

Illustrated notes

Levels and vault maps discovered:
D:1:      minmay_arrival_hallway, layout_basic, minmay_misc_feat_doors
D:2:      layout_loops_ring, chequers_ecumenical_altar_grove
D:3:      layout_loops_corners, serial_shops, shop, uniq_natasha
D:4:      layout_rooms, minmay_temple_entry_statues_fountains,
          serial_bayou_crossing
D:5:      layout_basic, uniq_crazy_yiuf_cottage
Temple:   mainiacjoe_temple_archimedes_tessellation

Skill      XL: |  1  2  3  4  5  6  7 |
---------------+----------------------+-----
Shields        | 4 5 |  5.2
Polearms       | 3 4 6 7 |  7.1
Throwing       | 2 |  2.1
Fighting       | |  3.2
Armour         | |  3.2

Action                   |  1- 3 |  4- 6 |  7- 9 || total
-------------------------+-------+-------+-------++-------
Melee: Trident           |   112 |   171 |    64 ||   347
Throw: Stone             |    16 |    59 |       ||    75
       Boomerang         |       |     5 |    12 ||    17
 Abil: Dig               |     1 |       |       ||     1
  Use: Potion            |       |     1 |     1 ||     2
Armor: Scale mail        |    36 |    46 |     2 ||    84
       Plate armour      |       |       |     9 ||     9
Dodge: Dodged            |    42 |    56 |    15 ||   113
Block: Buckler           |    16 |    36 |    11 ||    63

Table legend: (Time is in decaauts)
 A = Elapsed time spent in this place.
 B = Non-inter-level travel time spent in this place.
 C = Inter-level travel time spent in this place.
 D = Time resting spent in this place.
 E = Time spent auto-exploring this place.
 F = Levels seen in this place.
 G = Mean time per level.
                   A        B        C        D        E       F      G
               +--------+--------+--------+--------+--------+-----+--------+
         Total |   5507 |   5332 |    175 |   1573 |   2900 |   6 |  917.8 |
       Dungeon |   5248 |   5103 |    145 |   1573 |   2726 |   5 | 1049.6 |
        Temple |    258 |    228 |     30 |      0 |    174 |   1 |  258.0 |
               +--------+--------+--------+--------+--------+-----+--------+

Top non-repeatable levels by time:
     D:3: 1914 daAuts
     D:2: 1276 daAuts
     D:1: 958 daAuts
     D:4: 887 daAuts
  Temple: 258 daAuts
     D:5: 211 daAuts
